 Dungeon Crawl Stone Soup version 0.19-a0-1670-gc28a5d9 (webtiles) character file.

84 st0uf the Changer (level 4, -3/35 HPs)
             Began as a Draconian Transmuter on Sept 21, 2016.
             Slain by an orc (4 damage)
             ... on level 3 of the Dungeon.
             The game lasted 00:07:39 (2405 turns).

st0uf the Changer (Draconian Transmuter)            Turns: 2405, Time: 00:07:39

Health: -3/35      AC:  5    Str: 13    XL:     4   Next: 24%
Magic:  5/9        EV: 11    Int: 14    God:
Gold:   34         SH:  0    Dex: 11    Spells: 3 memorised, 3 levels left

rFire  . . .     SeeInvis .       - Unarmed
rCold  . . .     Gourm    .     (armour unavailable)
rNeg   . . .     Faith    .     (no shield)
rPois  .         Spirit   .     (helmet restricted)
rElec  .         Dismiss  .     (no cloak)
rCorr  .         Reflect  .     (no gloves)
MR     .....     Harm     .     (no boots)
Stlth  +.........               (no amulet)
                                (no ring)
                                (no ring)

@: appendage (expiring), drained
A: unfitting armour, horns 2, cold-blooded, AC +5
a: End Transformation


You were on level 3 of the Dungeon.
You were hungry.
You had grown temporary horns.
You visited 1 branch of the dungeon, and saw 3 of its levels.

You collected 34 gold pieces.

Inventory:

Missiles
 a - 24 arrows
 p - a throwing net (quivered)
Scrolls
 g - 2 scrolls of identify {unknown}
 h - 2 scrolls of remove curse {unknown}
 l - a scroll of fear {unknown}
 n - 3 scrolls of teleportation {unknown}
Potions
 d - a potion of brilliance {unknown}
 e - a potion of magic {unknown}
 f - 2 potions of mutation {unknown}
 i - a potion of agility {unknown}
 m - a potion of berserk rage {unknown}
 o - a potion of flight {unknown}
Books
 b - a book of Changes

   Spells                             Type                      Level
   a - Beastly Appendage              Transmutation                1
   b - Sticks to Snakes               Transmutation                2
   c - Spider Form                    Transmutation/Poison         3
   d - Ice Form                       Ice/Transmutation            4
   e - Blade Hands                    Transmutation                5
Comestibles
 c - 3 bread rations
 k - 2 slices of pizza


   Skills:
 - Level 1.1(0.2) Fighting
 - Level 1.7(0.9) Dodging
 - Level 3.0(2.1) Unarmed Combat
 * Level 3.3(2.5) Spellcasting
 * Level 3.3(2.4) Transmutations


You had 3 spell levels left.
You knew the following spells:

 Your Spells              Type           Power        Failure   Level  Hunger
a - Beastly Appendage     Tmut           #.....       10%         1    #......
b - Sticks to Snakes      Tmut           #.......     14%         2    ###....
c - Spider Form           Tmut/Pois      #.........   47%         3    ###....


Dungeon Overview and Level Annotations

Branches:
Dungeon (3/15)

Altars:
Kikubaaqudgha


Innate Abilities, Weirdness & Mutations

Your plain brown scales are hard. (AC +5)
Your body does not fit into most forms of armour.
You are cold-blooded and may be slowed by cold attacks.
You have a pair of horns on your head.


Message History

You are feeling hungry.
The orc priest mumbles some strange prayers to Beogh against you.
Beogh smites you! The orc barely misses you. The orc hits you with a club.
* * * LOW HITPOINT WARNING * * *
You closely miss the orc priest.
Your tail-slap misses the orc priest.
The orc priest is lightly wounded.
The orc priest calls down the wrath of Beogh upon you.
Pain shoots through your body!
* * * LOW HITPOINT WARNING * * *
The orc barely misses you. The orc closely misses you.
Unknown command.
You barely miss the orc priest. You headbutt the orc priest.
The orc priest is heavily wounded.
Your ball python bites the orc priest but does no damage.
Your ball python grabs the orc priest.
Your ball python constricts the orc priest.
The orc priest hits you.
* * * LOW HITPOINT WARNING * * *
The orc hits you.
You die...

##.....##
##.......#####
###............
.'...........
#.........#
#........
#..So.# #.o@#
##o## #.# #.#
##.## ##...##
#.....# ##...##
##.######.#


You could see an orc priest, 2 orcs and a friendly ball python.

Vanquished Creatures
  A hound (D:3)
  A worm (D:2)
  3 dart slugs
  11 bats
  2 giant cockroaches
  2 goblins
  8 hobgoblins
  6 kobolds
  A quokka (D:2)
  4 frilled lizards (D:1)
  4 rats
43 creatures vanquished.

Notes
Turn   | Place    | Note
-------+----------+-------------------------------------------
     0 | D:1      | st0uf the Draconian Transmuter began the quest for the Orb.
     0 | D:1      | Reached XP level 1. HP: 16/16 MP: 3/3
   370 | D:1      | Reached XP level 2. HP: 13/23 MP: 3/5
   961 | D:2      | Found an ancient bone altar of Kikubaaqudgha.
  1201 | D:2      | Reached XP level 3. HP: 28/28 MP: 5/7
  2009 | D:2      | Learned a level 2 spell: Sticks to Snakes
  2013 | D:2      | Learned a level 3 spell: Spider Form
  2087 | D:3      | Reached XP level 4. HP: 6/35 MP: 2/9
  2405 | D:3      | HP: 1/35 [orc priest (3)]
  2405 | D:3      | Slain by an orc

Vault maps used:
D:1:      dpeg_arrival_tiny_d
D:2:      kiku_gazebo_pond_becter, serial_forest, infiniplex_forest_clump_long,
          infiniplex_forest_end_2, infiniplex_forest_straight_4,
          infiniplex_forest_clump_medium, infiniplex_forest_lined_3
D:3:      uniq_sigmund

Skill      XL: |  1  2  3 |
---------------+----------+-----
Spellcasting   | 3 |  3.3
Transmutations | 3 |  3.3
Fighting       | |  1.1
Dodging        | |  1.7
Unarmed Combat | |  3.0

Action                   |  1- 3 |  4- 6 || total
-------------------------+-------+-------++-------
Melee: Unarmed           |   205 |     4 ||   209
       Kick              |    16 |       ||    16
       Tailslap          |    16 |       ||    16
       Headbutt          |    11 |     1 ||    12
       Punch             |     2 |       ||     2
 Cast: Beastly Appendage |    31 |     1 ||    32
       Sticks to Snakes  |       |     2 ||     2
 Stab: Sleeping          |     3 |       ||     3
  Eat: Chunk             |     5 |     1 ||     6
Armor: Skin              |    70 |     3 ||    73
Dodge: Dodged            |   128 |     4 ||   132
